AoeStats
← Placebo33

Arabia

510522288Analyzed
1v1 RM · 2d ago on Oct 1, 2026· 20m 47s· 2 players
Game mode
Random Map
Map size
Tiny (2 player)
Population
200
Speed
Normal
Resources
Standard
Victory
Conquest
Starting age
Dark Age
Ending age
Imperial Age
RankedLock teamsTeams togetherTeam positionsShared explorationLock speedFull tech treeHidden civsTurbo modeCheats
Victory
Defeat
🇪🇸 Goths · Spain
764
+19
🇫🇷 Franks · France
836
-19
josesanbol
3:54 Loom
10:33 Feudal Age
11:43 Man-at-Arms
17:42 Scale Mail Armor
19:53 Forging
Placebo33
10:49 Feudal Age
11:58 Double-Bit Axe
16:21 Loom
18:01 Padded Archer Armor
Connection lost

Rejoining the realm…

Still unreachable

The connection could not be restored.

Session expired

The server has moved on; the page needs a fresh start.